 Dungeon Crawl Stone Soup version 0.30.0 (webtiles) character file.

Game seed: 17567130344144746351

51 meatpath the Trooper (level 3, -1/51 HPs)
             Began as a Minotaur Berserker on May 5, 2023.
             Was a Believer of Trog.
             Slain by a cerulean imp
             ... wielding a +2 spear
             ... summoned by Natasha
              (3 damage)
             ... on level 2 of the Dungeon.
             The game lasted 00:02:25 (937 turns).

meatpath the Trooper (Minotaur Berserker)            Turns: 937, Time: 00:02:25

Health: -1/51      AC:  3    Str: 23    XL:     3   Next: 57%
Magic:  2/2        EV: 12    Int:  4    God:    Trog [**....]
Gold:   14         SH:  0    Dex:  9    Spells: 2/2 levels left

rFire   . . .        i - +0 war axe
rCold   . . .        (no shield)
rNeg    . . .        b - +0 animal skin
rPois   .            (helmet restricted)
rElec   .            (no cloak)
rCorr   .            (no gloves)
SInv    .            a - +0 pair of boots
Will    .....        (no amulet) Stlth
                     (no ring)
HPRegen 0.28/turn    (no ring)
MPRegen 0.08/turn

%: no passive effects
@: berserking, very quick
A: horns 2, retaliatory headbutt
a: Renounce Religion, Berserk, Trog's Hand


You were on level 2 of the Dungeon.
You worshipped Trog.
Trog was pleased with you.
You visited 1 branch of the dungeon, and saw 2 of its levels.

You collected 14 gold pieces.

Inventory:

Hand Weapons
 i - a +0 war axe (weapon)
Armour
 a - a +0 pair of boots (worn)
 b - a +0 animal skin (worn)
 k - a +0 ring mail
Scrolls
 c - 2 scrolls of identify {unknown}
 d - 2 scrolls of noise {unknown}
 h - a scroll of magic mapping {unknown}
 j - a scroll of blinking {unknown}
 o - a scroll of brand weapon {unknown}
Potions
 e - a potion of mutation {unknown}
 f - a potion of curing {unknown}
 g - a potion of lignification {unknown}
 l - a potion of resistance {unknown}
 m - a potion of attraction {unknown}
 n - a potion of flight {unknown}


   Skills:
 + Level 4.3 Fighting
 + Level 4.3 Axes
 - Level 2.4 Armour
 + Level 3.1 Dodging


You had 2 spell levels left.
You didn't know any spells.
Your spell library was empty.

Dungeon Overview and Level Annotations

Branches:
Dungeon (2/15)

Altars:
Gozag

Shops:
D:1 *

Annotations:
D:2 Natasha


Innate Abilities, Weirdness & Mutations

You have a pair of horns on your head.
You reflexively headbutt those who attack you in melee.


Message History

You miss the cerulean imp. You headbutt the cerulean imp.
You kill the cerulean imp!
The cerulean imp disappears in a puff of smoke!
The cerulean imp hits you from afar with a +2 spear.
Natasha barely misses you.
You closely miss Natasha.
The cerulean imp hits you but does no damage.
Natasha barely misses you. The cerulean imp misses you.
You slash Natasha! Your headbutt misses Natasha.
Natasha is heavily wounded.
Natasha claws you but does no damage. The cerulean imp completely misses you.
You barely miss Natasha. You headbutt Natasha, but do no damage.
Your punch misses Natasha.
Natasha is heavily wounded.
Natasha claws you. The cerulean imp barely misses you.
Natasha stares at you and mumbles some strange words.
You resist with significant effort.
You hit Natasha.
Natasha is severely wounded.
The cerulean imp hits you but does no damage.
Natasha mumbles some strange words.
You hit Natasha but do no damage.
Natasha is severely wounded.
The cerulean imp hits you from afar with a +2 spear.
Natasha claws you.
* * * LOW HITPOINT WARNING * * *
The cerulean imp hits you from afar with a +2 spear.
* * * LOW HITPOINT WARNING * * *
You hit Natasha but do no damage. Your headbutt misses Natasha.
Natasha is severely wounded.
Natasha misses you.
The cerulean imp hits you from afar with a +1 spear.
* * * LOW HITPOINT WARNING * * *
The cerulean imp hits you from afar with a +2 spear.
* * * LOW HITPOINT WARNING * * *
Natasha closely misses you.
A red film seems to cover your vision as you go berserk!
You feel yourself moving faster!
You feel mighty! The cerulean imp misses you.
The cerulean imp hits you from afar with a +2 spear.
You die...

.###.†...#..#..###.....#
...####.##.##....##.####
##...#..#..#..#..#..#
.###...##.##.)..##.##
...###.#...#.#..#..#
##...#####...####.# #..
###...#..# . ###...#
###@# #h# 55# #.## .# ..
...# #.# #.. .. # #.#


You could see Natasha and 2 cerulean imps.

Vanquished Creatures
  An adder (D:2)
  A dart slug (D:1)
  5 orcs (D:2)
  2 endoplasms (D:2)
  2 giant cockroaches (D:2)
  6 goblins (D:2)
  A hobgoblin (D:2)
  5 quokkas (D:2)
  2 ball pythons (D:2)
  A bat (D:1)
  A frilled lizard (D:2)
  3 kobolds (D:2)
30 creatures vanquished.

Notes
Turn   | Place    | Note
-------+----------+-------------------------------------------
     0 | D:1      | meatpath the Minotaur Berserker began the quest for the
                  | Orb.
     0 | D:1      | Reached XP level 1. HP: 19/19 MP: 0/0
   115 | D:1      | Found Cisk's General Store.
   258 | D:1      | You fall into a shaft and drop 1 floor!
   321 | D:2      | Reached XP level 2. HP: 20/27 MP: 1/1
   406 | D:2      | Identified the +3 spear "Ydag" {venom, Str+7}
   571 | D:2      | Found an opulent altar of Gozag.
   577 | D:2      | Reached XP level 3. HP: 33/33 MP: 2/2
   881 | D:2      | Reached ** piety under Trog
   922 | D:2      | Noticed Natasha
   936 | D:2      | HP: 1/34 [cerulean imp/+2 spear[Natasha] (2)]
   937 | D:2      | Slain by a cerulean imp

Illustrated notes

Levels and vault maps discovered:
D:1:      amcnicky_arrival_abandoned_market, layout_basic, serial_shops,
          nicolae_shop_tiny_real_fake_doors, hex_medium, minivault_27,
          minmay_pentomino_q4
D:2:      minmay_skewed_foursquare, layout_basic, basic_altar, minmay_tripent,
          uniq_robin, uniq_natasha

Skill      XL: |  1  2  3 |
---------------+----------+-----
Fighting       | 4 |  4.3
Axes           | 4 |  4.3
Dodging        | 3 |  3.1
Armour         | |  2.4

Action                     || total
---------------------------++-------
  Melee: Hand axe          ||    42
         Headbutt          ||     5
         Punch             ||     1
         War axe           ||    28
 Invoke: Berserk           ||     2
   Stab: Sleeping          ||     1
 Armour: Animal skin       ||    14
  Dodge: Dodged            ||    45
